 Dungeon Crawl Stone Soup version 0.28-a0-664-gc179e30c89 (webtiles) character file.

Game seed: 5364867795627032167

63 Sabo the Chopper (level 3, -1/27 HPs)
             Began as a Demonspawn Gladiator on Oct 15, 2021.
             Was an Initiate of Ashenzari.
             Slain by an adder (4 damage)
             ... on level 3 of the Dungeon.
             The game lasted 00:13:12 (3193 turns).

Sabo the Chopper (Demonspawn Gladiator)             Turns: 3193, Time: 00:13:12

Health: -1/27      AC:  8    Str: 15    XL:     3   Next: 87%
Magic:  3/3        EV: 10    Int:  9    God:    Ashenzari [......]
Gold:   110        SH:  0    Dex: 14    Spells: 2/2 levels left

rFire   . . .      SeeInvis .   a - +0 war axe
rCold   . . .      Faith    .   (no shield)
rNeg    . . .      Spirit   .   o - +0 scale mail
rPois   .          Reflect  .   c - +0 helmet
rElec   .          Harm     .   n - +0 cloak of the Tethered Cynicism {Comp, Range} (curse)
rCorr   .          Rampage  .   (no gloves)
Will    .....                   (no boots)
Stlth   ..........              (no amulet)
HPRegen 0.09/turn               (no ring)
MPRegen 0.08/turn               (no ring)

@: lethally poisoned (-1 -> -3)
A: demonic guardian 1
a: Renounce Religion, Shatter the Chains


You were on level 3 of the Dungeon.
You worshipped Ashenzari.
Ashenzari was noncommittal.
You visited 1 branch of the dungeon, and saw 3 of its levels.

You collected 110 gold pieces.

Inventory:

Hand Weapons
 a - a +0 war axe (weapon)
 g - a +0 hunting sling
Missiles
 d - 3 throwing nets (quivered)
 e - 31 arrows
 k - 24 sling bullets
 m - 18 bolts
Armour
 c - a +0 helmet (worn)
 n - the cursed +0 cloak of the Tethered Cynicism (worn) {Comp, Range}
   (You found it on level 2 of the Dungeon)

   It has a curse which improves the following skills: Companions: Summonings
   and Necromancy.
   Ranged Combat: Slings, Bows, Crossbows and Throwing.
 o - a +0 scale mail (worn)
Scrolls
 f - a scroll of enchant weapon
 i - 2 scrolls of teleportation
 l - a scroll of fog
Potions
 b - a potion of magic
 h - a potion of cancellation
 j - a potion of curing


   Skills:
 + Level 2.2 Fighting
 + Level 3.4 Axes
 + Level 2.0(2.4) Throwing
 + Level 1.1 Armour
 + Level 3.1 Dodging
 + Level 0.3 Stealth


You had 2 spell levels left.
You didn't know any spells.
Your spell library was empty.

Dungeon Overview and Level Annotations

Branches:
Dungeon (3/15)

Altars:
Ashenzari


Innate Abilities, Weirdness & Mutations

A weak demonic guardian rushes to your aid.


Message History

The kobold hits you but does no damage.
You hit the kobold.
You kill the kobold!
Things that are here:
a +0 whip; a kobold corpse An adder comes into view.
The adder hisses angrily.
Your scale mail prevents you from hitting the adder.
The adder closely misses you. The adder barely misses you.
You miss the adder. The adder bites you.
You are poisoned.
The adder poisons you! The adder bites you.
You are more poisoned.
The adder poisons you!
You closely miss the adder.
You feel very sick. The adder closely misses you.
You barely miss the adder.
You feel sick. The adder bites you but does no damage. The adder bites you.
You are more poisoned.
The adder poisons you!
You miss the adder.
You feel very sick.
The adder bites you but does no damage. x2
You closely miss the adder.
You feel sick. The adder bites you.
* * * LOW HITPOINT WARNING * * *
The adder barely misses you.
You hit the adder.
The adder is heavily wounded.
* * * LOW HITPOINT WARNING * * *
You feel sick. The adder barely misses you.
You barely miss the adder.
The adder is heavily wounded.
* * * LOW HITPOINT WARNING * * *
You feel sick. The adder barely misses you. The adder closely misses you.
You hit the adder.
The adder is heavily wounded.
* * * LOW HITPOINT WARNING * * *
You feel sick. The adder bites you but does no damage. The adder bites you.
You die...

#.# #.# #.# #.# #.#
#.#.# #.# #.# #.#.#
#.## #.# #.#.# #...
#.# #.#.# #..# #.#
#.#.# #..#
##S####.#.######...
#.@.....#........##
#.........########
########..#
#...b#..# ####.#..#
#.#..# #.#..#
###..# ####


You could see an adder.

Vanquished Creatures
  An adder (D:3)
  A worm (D:3)
  3 dart slugs
  3 bats
  2 endoplasms (D:1)
  2 giant cockroaches
  5 hobgoblins
  2 jackals (D:1)
  2 quokkas (D:2)
  5 ball pythons
  2 frilled lizards
  8 goblins
  4 kobolds
  4 rats
44 creatures vanquished.

Notes
Turn   | Place    | Note
-------+----------+-------------------------------------------
     0 | D:1      | Sabo the Demonspawn Gladiator began the quest for the Orb.
     0 | D:1      | Reached XP level 1. HP: 16/16 MP: 1/1
   303 | D:1      | Found a faded altar of an unknown god.
   309 | D:1      | Gained mutation: A weak demonic guardian rushes to your
                  | aid. [demonic ancestry]
   309 | D:1      | Reached XP level 2. HP: 16/22 MP: 2/2
   399 | D:1      | Prayed at the altar of an unknown god.
   399 | D:1      | Became a worshipper of Ashenzari the Shackled
  1908 | D:2      | Reached XP level 3. HP: 22/27 MP: 3/3
  2815 | D:3      | Reached skill level 1 in Armour
  3193 | D:3      | Slain by an adder

Illustrated notes

Levels and vault maps discovered:
D:1:      sevenhm_arrival_forest_fort_small_1, layout_basic,
          hellmonk_ecumenical_altar_slurped_away
D:2:      layout_loops_ring
D:3:      layout_basic, mainiacjoe_overflow_small_starburst,
          gammafunk_temple_overflow_pools, serial_aquarium,
          aquarium_bridge_square [aquarium_subvault_balcony,
          aquarium_subvault_window, aquarium_subvault_bridge,
          aquarium_subvault_bridge], aquarium_window_2,
          aquarium_window_corridor_1, aquarium_window_corner, aquarium_window_2,
          aquarium_view_2d, aquarium_view_2c, aquarium_pool_1

Skill      XL: |  1  2  3 |
---------------+----------+-----
Dodging        | 3 |  3.1
Axes           | 3 |  3.4
Throwing       | 2 |  2.0
Armour         | 1 |  1.1
Fighting       | |  2.2
Stealth        | |  0.3

Action                   || total
-------------------------++-------
Melee: War axe           ||   111
Invok: Curse Item        ||     1
 Stab: Distracted        ||     1
       Sleeping          ||     1
Armor: Leather armour    ||    26
       Scale mail        ||    11
Dodge: Dodged            ||    82

Table legend: (Time is in decaauts)
 A = Elapsed time spent in this place.
 B = Non-inter-level travel time spent in this place.
 C = Inter-level travel time spent in this place.
 D = Time resting spent in this place.
 E = Time spent auto-exploring this place.
 F = Levels seen in this place.
 G = Mean time per level.
                   A        B        C        D        E       F      G
               +--------+--------+--------+--------+--------+-----+--------+
         Total |   3232 |   3232 |      0 |    920 |      0 |   3 | 1077.3 |
       Dungeon |   3232 |   3232 |      0 |    920 |      0 |   3 | 1077.3 |
               +--------+--------+--------+--------+--------+-----+--------+

Top non-repeatable levels by time:
     D:1: 1591 daAuts
     D:2: 1311 daAuts
     D:3: 330 daAuts
